 Dungeon Crawl Stone Soup version 0.17-a0-157-g289cc6a (webtiles) character file.

158 Ngotmuk the Covered (level 5, -5/46 HPs)
             Began as a Deep Dwarf Fighter on Mar 27, 2015.
             Was an Initiate of Ru.
             Slain by Menkaure (17 damage)
             ... on level 4 of the Dungeon.
             The game lasted 00:05:54 (1673 turns).

Ngotmuk the Covered (Deep Dwarf Fighter)            Turns: 1673, Time: 00:05:55

Health: -5/46      AC:  8    Str: 21    XL:     5   Next: 16%
Magic:  5/5        EV:  7    Int:  8    God:    Ru [......]
Gold:   94         SH:  0    Dex: 12    Spells: 0 memorised, 4 levels left

rFire  . . .     SeeInvis .     a - +0 flail
rCold  . . .     Clarity  .     p - +0 chain mail
rNeg   . . .     SustAb   +     (no shield)
rPois  .         Gourm    .     i - -2 helmet (curse)
rElec  .         Spirit   .     (no cloak)
rCorr  .         Warding  .     (no gloves)
rMut   .         Stasis   .     (no boots)
MR     .....                    (no amulet)
Stlth  ..........               (no ring)
                                q - ring of sustain abilities

@: non-regenerating, not resistant to hostile enchantments, extremely unstealthy
A: damage resistance, recharge devices, sense surroundings 1, slow healing 3
a: Device Recharging, Renounce Religion


You were on level 4 of the Dungeon.
You worshipped Ru.
Ru was noncommittal.
You were not hungry.

You visited 2 branches of the dungeon, and saw 5 of its levels.

You collected 94 gold pieces.

Inventory:

Hand weapons
 a - a +0 flail (weapon)
Armour
 i - a cursed -2 helmet (worn)
 p - a +0 chain mail (worn)
 t - a +0 helmet
Jewellery
 q - a ring of sustain abilities (left hand)
Magical devices
 d - a wand of heal wounds (4)
Scrolls
 c - 3 scrolls of identify {unknown}
 g - 3 scrolls of amnesia {unknown}
 j - a scroll of remove curse {unknown}
 k - a scroll of immolation {unknown}
 l - 2 scrolls of blinking {unknown}
 o - a scroll of enchant weapon {unknown}
 s - a scroll of fog {unknown}
Potions
 b - a potion of poison {unknown}
 e - a potion of might
 h - a potion of invisibility {unknown}
 m - a potion of lignification {unknown}
 n - a potion of curing {unknown}
Comestibles
 f - a bread ration
 r - 2 meat rations


   Skills:
 - Level 2.6 Fighting
 * Level 4.5 Maces & Flails
 + Level 4.5 Armour
   Level 3.2 Shields


You had 4 spell levels left.
You didn't know any spells.

Dungeon Overview and Level Annotations

Branches:
Dungeon (4/15)             Temple (1/1) D:4

Altars:
Ashenzari
Cheibriados
Dithmenos
Elyvilon
Fedhas
Kikubaaqudgha
Makhleb
Okawaru
Qazlal
Ru
Vehumet
Xom
Yredelemnul
Zin

Annotations:
D:4 Menkaure


Innate Abilities, Weirdness & Mutations

You are resistant to damage.
You can recharge devices by infusing magical energy.
You passively map a small area around you.
You do not heal naturally.


Message History

You hear the slow hiss of a distant avalanche of sand.
You hear the rusting of a very distant drain.
Menkaure shouts!
Menkaure mumbles some strange words.
Menkaure seems to speed up.
You completely miss Menkaure. Menkaure hits you but does no damage.
You closely miss Menkaure. Menkaure hits you but does no damage.
Menkaure barely misses you.
You hit Menkaure.
Menkaure is lightly damaged.
Menkaure calls on the powers of darkness!
Your body is wracked with pain!
* * * LOW HITPOINT WARNING * * *
You closely miss Menkaure.
Menkaure is lightly damaged.
Menkaure hits you but does no damage.
You hit Menkaure!
Menkaure is severely damaged.
Menkaure hits you but does no damage. Menkaure hits you!!
You die...

, * ,,#* ,* #####.## ,
#......# ######
#M.....# *
###....#########@.....#
......................#
* * *
##...###'###..######..#
.....# #†# #..# .#
##...###.###..#
#...###_..+..###### ,
#...###.###.......# * ,
#...# #.# #..####.# ,
###.###'###.)####.#


You could see Menkaure.

Vanquished Creatures
  A hound (D:4)
  A worker ant (D:3)
  A gnoll (D:1)
  6 adders
  A worm (D:2)
  An orc (D:2)
  6 bats
  8 goblins
  8 hobgoblins
  5 kobolds
  A quokka (D:3)
  A giant cockroach (D:2)
  4 giant geckos
  6 giant newts
  8 jackals
  8 rats
66 creatures vanquished.

Notes
Turn   | Place    | Note
--------------------------------------------------------------
     0 | D:1      | Ngotmuk, the Deep Dwarf Fighter, began the quest for the Orb.
     0 | D:1      | Reached XP level 1. HP: 20/20 MP: 1/1
   231 | D:1      | Reached XP level 2. HP: 20/27 MP: 2/2
   656 | D:1      | Reached XP level 3. HP: 18/33 MP: 3/3
   696 | D:2      | Reached skill level 4 in Armour
   698 | D:2      | Found a burning altar of Makhleb.
   881 | D:2      | Reached XP level 4. HP: 32/40 MP: 4/4
  1106 | D:3      | Found a snail-covered altar of Cheibriados.
  1546 | D:4      | Found a shattered altar of Ashenzari.
  1565 | D:4      | Found a staircase to the Ecumenical Temple.
  1575 | D:4      | Reached XP level 5. HP: 18/46 MP: 5/5
  1580 | Temple   | Entered the Ecumenical Temple
  1607 | Temple   | Became a worshipper of Ru the Awakened
  1667 | D:4      | Noticed Menkaure
  1673 | D:4      | Slain by Menkaure

Action                   |  1- 3 |  4- 6 || total
-------------------------+-------+-------++-------
Melee: Flail             |    94 |   123 ||   217
Evoke: Wand              |     1 |       ||     1
  Eat: Royal jelly       |       |     1 ||     1
       Beef jerky        |       |     1 ||     1
